Map: Site Delta LE

Players

A.I. 1 (Elite)

  • Race: Zerg Zerg
  • Spawn Location: 11:00

A.I. 2 (Elite) - Winner!

  • Race: Terran Terran
  • Spawn Location: 5:00

VOD

Have the link to the VOD?

Description

Time

  • Played on: June 19, 2025, 8:44 p.m.
  • Length: 17:59
Show
View Real Time Build Order
Export as new Build Order

A.I. 1 (Elite) Zerg 

Build Orders: Hatch First 

Get SALT Encoding   

  12  0:01  Drone  
  13  0:12  Overlord  
  13  0:16  Drone  
  14  0:30  Drone x2  
  14  0:34  Drone  
  17  0:54  Drone, Hatchery  
  17  1:09  Spawning Pool  
  16  1:11  Drone  
  16  1:15  Extractor  
  16  1:16  Drone  
  17  1:20  Drone  
  18  1:27  Drone  
  19  1:38  Overlord  
  19  1:49  Drone  
  20  1:58  Queen  
  20  1:59  Zergling x2  
  23  2:06  Drone  
  24  2:12  Queen  
  26  2:17  Drone  
  27  2:29  Roach Warren  
  26  2:31  Drone  
  26  2:33  Extractor  
  26  2:36  Drone  
  27  2:41  Overlord  
  27  2:46  Drone  
  27  2:48  Drone  
  29  2:52  Drone  
  29  2:55  Drone  
  29  2:58  Drone  
  32  3:03  Zergling x2  
  32  3:04  Zergling x2  
  34  3:14  Roach  
  34  3:15  Roach  
  40  3:20  Roach  
  40  3:21  Roach  
  40  3:23  Drone  
  40  3:25  Drone  
  44  3:31  Overlord  
  44  3:37  Lair  
  44  3:49  Drone x4  
  44  3:52  Drone  
  44  3:53  Drone  
  50  3:56  Drone  
  50  3:59  Drone  
  52  4:03  Overlord  
  52  4:21  Drone x5, Zergling x4  
  52  4:22  Zergling x2  
  60  4:26  Overlord  
  60  4:30  Overlord  
  60  4:39  Hydralisk Den  
  60  4:40  Drone  
  60  4:41  Drone, Infestation Pit  
  60  4:44  Roach x2  
  60  4:45  Roach  
  66  4:47  Roach  
  66  4:50  Overlord  
  68  5:08  Hydralisk  
  68  5:09  Hydralisk x2  
  68  5:10  Drone  
  68  5:11  Drone, Hydralisk  
  78  5:14  Overlord  
  78  5:18  Hive  
  78  5:27  Infestor  
  80  5:29  Overlord  
  80  5:32  Overlord  
  80  5:36  Drone, Evolution Chamber  
  80  5:41  Drone, Overlord, Evolution Chamber  
  80  5:46  Overlord  
  80  5:51  Zergling x2  
  80  5:53  Zergling x2  
  80  5:54  Zergling x2  
  80  5:55  Infestor  
  80  5:56  Zergling x2  
  86  5:57  Zergling x2  
  86  5:59  Zergling x2  
  86  6:02  Overlord  
  88  6:05  Overlord  
  88  6:23  Infestor  
  90  6:28  Drone  
  90  6:29  Extractor  
  90  6:30  Drone  
  90  6:31  Drone, Evolution Chamber  
  91  6:32  Extractor  
  91  6:33  Drone  
  91  6:39  Hatchery  
  90  6:40  Drone  
  91  6:52  Drone x2  
  91  6:53  Drone  
  94  6:54  Drone  
  94  6:55  Drone x2  
  94  7:00  Ultralisk Cavern  
  94  7:01  Drone  
  97  7:22  Overseer  
  97  7:31  Metabolic Boost  
  97  7:34  Spine Crawler  
  97  7:35  Drone  
  97  7:39  Spine Crawler  
  97  7:41  Zerg Melee Weapons Level 1  
  96  7:50  Ultralisk  
  102  7:51  Drone  
  102  7:52  Drone x3  
  102  7:53  Drone x3  
  102  7:54  Drone x3  
  102  7:55  Drone x3  
  102  7:56  Drone x2  
  117  8:00  Extractor  
  117  8:02  Drone x2  
  117  8:04  Drone, Extractor, Ultralisk  
  117  8:05  Drone  
  125  8:06  Drone  
  125  8:10  Zerg Missile Weapons Level 1  
  127  8:12  Drone  
  127  8:23  Drone  
  127  8:25  Zerg Ground Armor Level 1  
  127  8:26  Drone x3, Overlord, Spore Crawler  
  130  8:28  Drone, Spore Crawler  
  130  8:29  Drone  
  131  8:35  Queen  
  131  8:38  Ultralisk  
  139  8:45  Overlord  
  139  8:50  Baneling Nest  
  139  8:51  Drone  
  139  8:55  Ultralisk  
  144  9:00  Spine Crawler  
  144  9:02  Spore Crawler  
  142  9:03  Drone, Overlord  
  142  9:04  Infestor  
  145  9:12  Hatchery  
  145  9:13  Drone, Zergling x2, Queen  
  145  9:14  Zergling x2  
  145  9:15  Zergling x4  
  145  9:16  Zergling x4  
  133  9:17  Spire, Zergling x4  
  133  9:18  Drone, Zergling x2  
  134  9:34  Baneling x2, Zergling x2  
  134  9:36  Baneling  
  135  9:39  Ultralisk  
  141  9:48  Infestor  
  143  9:53  Spine Crawler  
  143  9:57  Zerg Melee Weapons Level 2  
  142  10:01  Spine Crawler  
  142  10:04  Spine Crawler  
  142  10:06  Spine Crawler  
  139  10:07  Zerg Missile Weapons Level 2  
  139  10:16  Neural Parasite  
  139  10:25  Drone  
  139  10:26  Drone x3  
  139  10:27  Drone x3  
  146  10:29  Mutalisk  
  146  10:30  Mutalisk x2  
  146  10:34  Overlord  
  146  10:35  Overseer  
  152  10:38  Extractor  
  152  10:40  Drone  
  152  10:41  Spine Crawler  
  152  10:42  Drone x2, Extractor, Mutalisk  
  152  10:45  Spore Crawler  
  152  10:46  Drone  
  152  10:47  Spore Crawler  
  152  10:49  Drone, Mutalisk  
  156  10:50  Spore Crawler  
  156  10:52  Drone, Overlord  
  156  10:55  Mutalisk  
  158  10:57  Zergling x2  
  158  10:58  Zergling x4  
  158  10:59  Zergling x4  
  158  11:00  Zergling x6  
  158  11:01  Mutalisk, Zergling x4  
  131  11:05  Roach  
  131  11:07  Roach x2  
  131  11:08  Roach  
  131  11:09  Hydralisk  
  119  11:12  Hydralisk  
  119  11:14  Hydralisk  
  119  11:16  Hydralisk  
  125  11:19  Baneling x2, Zergling x2  
  125  11:20  Baneling, Zergling x2  
  127  11:26  Ultralisk  
  133  11:36  Ultralisk  
  133  11:37  Baneling  
  133  11:38  Baneling, Zergling x2  
  140  11:41  Baneling x2, Zergling x2  
  140  11:42  Zergling x4  
  140  11:43  Baneling, Zergling x2  
  140  11:45  Baneling, Zergling x2  
  140  11:50  Mutalisk  
  140  11:52  Baneling x3, Zergling x4  
  144  11:55  Roach  
  144  11:56  Mutalisk  
  148  12:01  Centrifugal Hooks  
  148  12:02  Baneling, Zergling x2  
  148  12:03  Baneling  
  148  12:04  Baneling  
  148  12:05  Zergling x2  
  150  12:08  Mutalisk  
  152  12:18  Ultralisk  
  158  12:27  Overlord  
  158  12:28  Ultralisk  
  158  12:29  Spine Crawler  
  163  12:30  Drone, Overseer  
  163  12:33  Overseer  
  163  12:35  Spine Crawler  
  163  12:36  Drone  
  164  12:38  Spine Crawler  
  164  12:39  Drone, Pneumatized Carapace  
  164  12:40  Spine Crawler  
  164  12:42  Drone  
  164  12:46  Infestor  
  166  12:52  Infestor  
  168  12:59  Infestor  
  168  13:00  Overlord, Hatchery  
  168  13:01  Drone  
  170  13:09  Zerg Melee Weapons Level 3  
  170  13:16  Spore Crawler  
  170  13:18  Drone, Zerg Ground Armor Level 2  
  170  13:20  Spore Crawler  
  170  13:21  Drone  
  170  13:23  Spore Crawler  
  170  13:24  Drone  
  170  13:26  Spine Crawler  
  169  13:27  Drone  
  169  13:28  Adrenal Glands  
  169  13:42  Spore Crawler  
  169  13:43  Drone  
  169  13:44  Spine Crawler  
  169  13:45  Drone  
  169  13:47  Spore Crawler  
  169  13:48  Drone  
  169  13:50  Spine Crawler  
  169  13:52  Drone  
  169  13:53  Spore Crawler  
  169  13:54  Drone, Ultralisk, Corruptor x3  
  181  13:58  Corruptor  
  183  14:05  Zergling x4  
  183  14:06  Mutalisk, Zergling x4  
  162  14:13  Zergling x2  
  162  14:14  Zergling x4  
  162  14:15  Zergling x6  
  129  14:18  Ultralisk  
  129  14:19  Roach  
  129  14:20  Roach  
  129  14:21  Drone, Roach  
  129  14:23  Roach  
  125  14:25  Hydralisk, Queen  
  125  14:27  Hydralisk  
  125  14:30  Hydralisk  
  129  14:34  Drone, Hydralisk  
  129  14:35  Zergling x2  
  129  14:36  Zergling x4  
  129  14:37  Zergling x2  
  128  14:38  Zergling x2  
  128  14:41  Zergling x2  
  128  14:43  Drone x2, Zergling x2  
  128  14:45  Roach x2, Zergling x2  
  121  14:49  Hydralisk  
  119  14:56  Baneling  
  119  14:57  Drone  
  119  14:58  Baneling x3, Roach x2  
  119  14:59  Baneling  
  110  15:01  Drone  
  110  15:02  Baneling, Hatchery  
  108  15:12  Zergling x2  
  108  15:14  Zergling x2  
  89  15:22  Hydralisk, Overseer  
  89  15:25  Roach  
  89  15:26  Roach x2, Hydralisk  
  67  15:38  Roach, Zergling x4  
  67  15:41  Hydralisk  
  61  15:59  Hatchery  
  32  16:19  Hatchery  
  5  16:57  Drone  
  3  17:09  Drone  
  4  17:27  Drone  
Show
View Real Time Build Order
Export as new Build Order

A.I. 2 (Elite) Terran - Winner!

Build Orders:  

Get SALT Encoding   

  12  0:00  SCV  
  13  0:13  SCV  
  14  0:18  Supply Depot  
  14  0:25  SCV  
  15  0:40  SCV  
  16  0:43  Barracks  
  16  0:52  SCV  
  17  1:04  SCV  
  18  1:16  SCV  
  19  1:19  Command Center  
  19  1:33  Orbital Command, Marine  
  20  1:45  Supply Depot  
  20  1:50  Refinery  
  20  1:51  Marine  
  21  1:58  SCV  
  22  2:09  Marine, Barracks  
  22  2:10  SCV  
  24  2:16  Refinery  
  24  2:22  SCV  
  24  2:26  Marine  
  24  2:28  Supply Depot  
  26  2:35  SCV  
  27  2:43  Orbital Command  
  27  2:46  Marine  
  27  2:48  SCV  
  29  2:59  Factory  
  29  3:00  SCV  
  29  3:01  Marine  
  29  3:05  Marine  
  32  3:08  SCV  
  32  3:12  SCV  
  34  3:19  Marine  
  35  3:20  SCV  
  35  3:23  Marine  
  35  3:24  SCV  
  38  3:30  Barracks  
  38  3:32  SCV  
  39  3:36  SCV  
  39  3:38  Barracks Tech Lab  
  40  3:41  Barracks Tech Lab  
  40  3:42  Factory Tech Lab  
  40  3:44  Starport  
  40  3:46  SCV  
  41  3:48  SCV  
  42  3:56  Stimpack, Marine  
  42  3:58  SCV  
  42  3:59  Marine  
  42  4:00  Combat Shield  
  42  4:01  SCV  
  46  4:05  Supply Depot  
  46  4:11  SCV  
  46  4:13  SCV  
  46  4:14  Marine  
  46  4:16  Marine  
  46  4:17  Marine  
  50  4:23  Medivac  
  53  4:27  SCV x2  
  53  4:30  Supply Depot  
  55  4:31  Marine  
  55  4:32  Supply Depot  
  55  4:34  Marine  
  55  4:35  Marauder  
  59  4:44  SCV x2  
  61  4:52  Marauder, Marine  
  64  4:53  Medivac  
  64  4:56  Marine  
  64  4:57  Supply Depot  
  64  4:58  Supply Depot  
  64  4:59  SCV  
  68  5:00  SCV  
  68  5:03  Refinery  
  69  5:08  Refinery  
  69  5:11  SCV  
  69  5:13  Marauder, SCV  
  73  5:14  Marauder  
  75  5:23  SCV  
  75  5:24  Engineering Bay  
  75  5:25  SCV  
  77  5:29  Engineering Bay  
  77  5:33  Command Center  
  77  5:35  Marauder, SCV  
  80  5:39  SCV  
  81  5:45  Marauder  
  81  5:47  SCV  
  84  5:51  Missile Turret, SCV  
  84  5:52  Supply Depot, Terran Infantry Weapons Level 1  
  84  5:55  Terran Infantry Armor Level 1  
  84  5:56  Marauder  
  87  5:57  Barracks Reactor  
  87  5:59  SCV  
  87  6:04  SCV  
  89  6:05  Missile Turret  
  89  6:06  Marauder, Concussive Shells  
  91  6:13  Starport Reactor, Barracks  
  91  6:17  Supply Depot, Marauder  
  93  6:27  Marine  
  93  6:30  Missile Turret  
  94  6:33  Marine  
  94  6:39  Marauder  
  97  6:41  Supply Depot  
  97  6:45  Marauder  
  97  6:46  SCV  
  97  6:47  SCV x2  
  101  6:49  Factory, Medivac  
  101  6:50  Viking  
  106  6:54  Refinery  
  106  6:58  SCV  
  106  6:59  Orbital Command, Missile Turret, SCV  
  106  7:00  Marauder  
  110  7:05  Missile Turret  
  110  7:10  SCV  
  110  7:11  Marauder  
  110  7:14  SCV  
  114  7:16  Supply Depot  
  114  7:19  Viking  
  114  7:20  Medivac  
  114  7:22  Marauder, SCV  
  120  7:26  SCV  
  120  7:27  SCV  
  123  7:33  Marauder  
  123  7:34  Missile Turret  
  123  7:35  SCV  
  126  7:38  SCV  
  126  7:40  SCV  
  126  7:41  Supply Depot  
  126  7:43  Marauder  
  130  7:47  SCV  
  130  7:49  Viking  
  130  7:50  SCV  
  134  7:52  Armory, SCV  
  134  7:55  Viking  
  137  7:59  SCV  
  137  8:03  Missile Turret  
  138  8:05  Supply Depot  
  138  8:14  Hi-Sec Auto Tracking  
  138  8:18  Starport, Factory Tech Lab  
  138  8:19  Viking  
  140  8:20  Command Center, Armory  
  140  8:27  Viking  
  140  8:32  Supply Depot  
  140  8:33  Neosteel Armor  
  142  8:45  Ghost Academy, Marine  
  142  8:47  Marine  
  142  8:48  Marine  
  145  8:49  Marine  
  146  8:55  Supply Depot, Starport Tech Lab  
  146  8:57  Viking  
  146  9:00  Viking  
  146  9:02  Terran Ship Weapons Level 1  
  150  9:03  Barracks  
  150  9:04  Marauder  
  150  9:05  Marauder  
  154  9:11  Terran Infantry Weapons Level 2, Marine  
  154  9:12  Hellion  
  154  9:14  Hellion, Raven  
  154  9:17  Barracks Tech Lab  
  154  9:20  Marine  
  154  9:21  Supply Depot  
  133  9:24  Ghost  
  133  9:26  Marauder  
  133  9:27  Medivac  
  133  9:29  Marine  
  141  9:32  Medivac  
  141  9:34  Hellion  
  141  9:38  Marine  
  145  9:39  Marine, Refinery  
  145  9:41  Refinery  
  145  9:42  Planetary Fortress  
  147  9:45  Missile Turret  
  147  9:47  Missile Turret, Marine  
  147  9:48  Marine  
  147  9:49  Raven  
  151  9:53  Marine  
  151  9:54  Marine  
  151  9:56  Marine  
  151  9:57  Ghost  
  151  9:58  Command Center  
  157  10:02  Viking  
  157  10:06  Marauder, Marine  
  162  10:09  Viking  
  162  10:11  Marauder  
  162  10:12  Marine  
  162  10:14  Marine  
  168  10:22  Liberator  
  168  10:24  Marine  
  168  10:26  Marauder, Marine  
  168  10:28  Supply Depot  
  175  10:31  Marine, Personal Cloaking  
  175  10:32  Liberator, Marine  
  175  10:33  Marine  
  181  10:40  Refinery  
  181  10:41  Marine  
  182  10:44  Medivac  
  182  10:45  Marauder  
  182  10:47  Ghost  
  182  10:49  Marine  
  190  10:52  Hellion x2  
  194  11:03  SCV x2  
  194  11:04  Marine  
  179  11:05  Marine, Medivac  
  179  11:06  Marauder, Marine  
  179  11:08  Marine  
  179  11:13  Hellion, Thor  
  179  11:14  Viking  
  179  11:16  Marine  
  179  11:17  Terran Ship Weapons Level 2  
  190  11:22  Marauder  
  190  11:23  Marine  
  190  11:25  Planetary Fortress  
  193  11:27  Marine  
  193  11:29  Missile Turret  
  193  11:32  Missile Turret, Marine  
  195  11:33  Command Center  
  195  11:34  Marauder  
  195  11:39  Terran Infantry Weapons Level 3  
  197  11:42  Liberator  
  188  11:48  Liberator  
  188  11:53  Marine  
  190  11:54  Liberator  
  190  11:55  Marauder  
  190  12:00  Nuke  
  195  12:09  Ghost  
  195  12:12  Refinery  
  198  12:15  Refinery  
  198  12:19  Cloaking Field  
  198  12:25  Viking  
  200  12:35  Missile Turret  
  200  12:37  Missile Turret  
  200  12:39  Missile Turret  
  200  12:42  Missile Turret  
  200  12:58  Planetary Fortress  
  200  12:59  Refinery  
  200  13:00  Missile Turret  
  200  13:06  Missile Turret  
  200  13:08  Missile Turret, Refinery  
  200  13:11  Hellion  
  199  13:19  Terran Infantry Armor Level 2  
  199  13:28  Missile Turret  
  199  13:37  Hellion, Terran Vehicle Weapons Level 1  
  199  13:38  Terran Vehicle And Ship Armor Level 1  
  198  13:48  Infernal Pre-Igniter  
  198  14:09  Marauder, Thor  
  197  14:10  Ghost x2  
  197  14:11  Marine  
  197  14:12  Marine  
  197  14:13  Marine, Banshee  
  188  14:21  Viking  
  188  14:22  Liberator  
  181  14:29  Marine, Ghost  
  181  14:30  Marine x2  
  184  14:34  Hellion  
  183  14:39  Marauder  
  183  14:40  Marauder  
  183  14:42  Nuke  
  185  14:47  Marine x2  
  185  14:48  Marine  
  185  14:51  Viking  
  189  14:53  Hellion  
  189  14:56  Liberator  
  189  14:58  Ghost  
  195  15:00  Marine  
  195  15:01  Marauder  
  195  15:05  Viking  
  199  15:32  Terran Vehicle And Ship Armor Level 2  
  199  15:44  Marine x2  
  199  15:45  Medivac  
  199  15:49  Marine  
  199  15:50  Marine  
  199  15:52  Marine  
  199  15:53  Marine  
  197  15:57  Banshee  
  197  16:02  Marine, Ghost  
  197  16:10  Marauder  
  199  16:20  Command Center  
  193  16:34  Marine  
  193  16:35  Marine  
  195  16:40  Raven  
  195  17:09  Marine  
  195  17:14  Banshee  
  199  17:35  Refinery  
  199  17:40  Missile Turret  
  199  17:45  Missile Turret  
  199  17:54  Missile Turret  
  199  17:56  Refinery  
Tags
 
Matchup
TvZ
Spawn Locations
Cross Positions
Add a new tag
Caveats
  • Supply blocks, unpowered buildings, or Contaminate may cause inaccurate times.
  • Supply counts are checked every 10 seconds.